[Event "*** Titled Tuesday Blitz"]
[Site "Chess.com"]
[Date "2020.05.12"]
[Round "2"]
[White "pedroholly22"]
[Black "northridgehawk"]
[Result "1/2-1/2"]
[WhiteElo "2451"]
[BlackElo "2238"]
[TimeControl "180+1"]
[EndTime "10:17:17 PDT"]
[Termination "Game drawn by repetition"]

1. e4 e5 2. Nf3 Nc6 3. Bb5 a6 4. Ba4 Nf6 5. O-O b5 6. Bb3 Bc5 7. Nxe5 Nxe5 8. d4 Bxd4 9. Qxd4 d6 10. f4 c5 11. Qd1 Nc6 12. e5 dxe5 13. Qxd8+ Kxd8 14.
Bxf7 Ke7 15. fxe5 Nxe5 16. Re1 Kxf7 17. Rxe5 Rd8 18. Bd2 c4 19. a4 Bd7 20. axb5 axb5 21. Rxa8 Rxa8 22. Na3 Re8 23. Rxe8 Bxe8 24. Bc3 Nd5 25.
Bd4 g5 26. Kf2 Ke6 27. c3 Kf5 28. Nc2 Ke4 29. Ne3 Nf4 30. Ng4 Kd3 31. g3 Nd5 32.
Nf6 Nxf6 33. Bxf6 g4 34. Be7 Kc2 35. Ba3 Kb3 36. Ke3 b4 37. Bxb4 Kxb2 38. Kf4 Bd7 39.
Kg5 Kc2 40. Kf4 Kd3 41. Ba5 Ke2 42. Bc7 Kf2 43. Kg5 Kg2 44. Be5 Kxh2 45. Kh4 Kg2 46. Bh8 Kf3 47. Bd4 Bf5 48. Bh8 Bg6 49. Bd4 Ke4 50. Bh8 Kf5 51. Bd4 Bf7 52. Bf2 Bd5 53.
Bd4 Bf3 54. Bf2 Ke4 55. Bd4 Kd3 56. Bh8 Ke2 57. Bd4 Kd2 58. Bh8 Kc2 59. Bd4 Kd3 60.
Bh8 Ke2 61. Bd4 Kd3 1/2-1/2

[Event "*** Titled Tuesday Blitz"]
[Site "Chess.com"]
[Date "2020.05.12"]
[Round "2"]
[White "WhiteCapital80"]
[Black "abykhovsky"]
[Result "0-1"]
[WhiteElo "2449"]
[BlackElo "2668"]
[TimeControl "180+1"]
[EndTime "10:17:18 PDT"]
[Termination "abykhovsky won by resignation"]

1. e4 c5 2. Nf3 e6 3. d4 cxd4 4. Nxd4 a6 5. Nc3 Qc7 6. Be2 Nf6 7. O-O d6 8. a4 b6 9. f4 Nbd7 10. Bf3 Bb7 11. Qe2 Be7 12. e5 dxe5 13. fxe5 Bc5 14.
Be3 Nxe5 15. Bxb7 Neg4 16. Rf4 Nxe3 17. Qxe3 Qxb7 18. b4 Be7 19. Re1 O-O 20. Nf5 Rac8 21. Nxe7+ Qxe7 22. Ne4 Nd5 23. Qf3 Nxf4 24. Qxf4 Rxc2 25.
Qg3 Qxb4 26. h3 Qxa4 27. Kh2 Qd4 28. Re3 b5 29. Nd6 Rc6 30. Ne4 f5 0-1

[Event "*** Titled Tuesday Blitz"]
[Site "Chess.com"]
[Date "2020.05.12"]
[Round "2"]
[White "slowdgehammer"]
[Black "Michaelson_11"]
[Result "1-0"]
[WhiteElo "2378"]
[BlackElo "1996"]
[TimeControl "180+1"]
[EndTime "10:17:19 PDT"]
[Termination "slowdgehammer won on time"]

1. e4 c5 2. Nf3 Nc6 3. Bb5 g6 4. O-O Bg7 5. Re1 Nf6 6. c3 e5 7.
Bxc6 dxc6 8. Nxe5 O-O 9. d4 Re8 10. Bg5 h6 11. Bh4 g5 12. Bg3 h5 13. h4 g4 14. Na3 cxd4 15. cxd4 Be6 16. Qd2 Kh7 17.
b3 Ng8 18. Rad1 f6 19. Nec4 Bf7 20. Bf4 Qe7 21. Nc2 b5 22. Nb2 Red8 23. Nd3 Bg6 24.
Nc5 a5 25. Re2 Qf7 26. Rde1 Re8 27. Qc3 b4 28. Qd2 Rad8 29. Qc1 f5 30. e5 Rd5 31.
Na4 Qa7 32. Be3 Red8 33. g3 Ne7 34. Rd2 Qb7 35. Red1 Qa7 36. Bf4 Qa8 37. Ne3 R5d7 38. Nc5 1-0

[Event "*** Titled Tuesday Blitz"]
[Site "Chess.com"]
[Date "2020.05.12"]
[Round "2"]
[White "profofchess"]
[Black "Revnov"]
[Result "0-1"]
[WhiteElo "2412"]
[BlackElo "2658"]
[TimeControl "180+1"]
[EndTime "10:17:20 PDT"]
[Termination "Revnov won by checkmate"]

1. e4 c5 2. Nf3 d6 3. c3 Nf6 4. Bc4 e6 5. Qe2 Be7 6. Bb3 Nc6 7. d4 d5 8. e5 Nd7 9. a3 Rb8 10. h4 b5 11. Bc2 h6 12. h5 a5 13.
Rh3 b4 14. axb4 axb4 15. Rg3 Kf8 16. Nbd2 Qb6 17. Rg4 Bb7 18. Qe3 Ra8 19. Rxa8+ Bxa8 20. Qf4 bxc3 21. bxc3 cxd4 22. cxd4 Bb7 23. Qg3 Nb4 24.
Bb1 Qc7 25. Kd1 Ba6 26. Rxg7 Nd3 27. Bxd3 Bxd3 28. Nc4 Qxc4 29. Rg8+ Rxg8 30. Bxh6+ Ke8 31. Qxg8+ Nf8 32. Ke1 Qc3+ 33. Nd2 Qc1# 0-1

[Event "*** Titled Tuesday Blitz"]
[Site "Chess.com"]
[Date "2020.05.12"]
[Round "2"]
[White "TheoSlade"]
[Black "vanea_03"]
[Result "0-1"]
[WhiteElo "2281"]
[BlackElo "2621"]
[TimeControl "180+1"]
[EndTime "10:17:20 PDT"]
[Termination "vanea_03 won by resignation"]

1. d4 Nf6 2. c4 e6 3. g3 c5 4. d5 exd5 5. cxd5 d6 6. Nc3 g6 7. Bg2 Bg7 8. Nf3 O-O 9. O-O Re8 10. Bf4 Ne4 11. Nxe4 Rxe4 12. Nd2 Rb4 13. b3 b5 14. Ne4 Bf5 15. Nxd6 Rxf4 16. Nxf5 Rxf5 17. d6 Bxa1 18. Qxa1 Nc6 19. Bxc6 Rc8 20. Be4 Rf6 21. h4 Rxd6 22. h5 Qf6 23. Qb1 Kg7 24. Kg2 Rd2 25. Bf3 c4 26. bxc4 bxc4 27. Qb7 Rdd8 28. Rc1 c3 29. Bg4 Qc6+ 30. Qxc6 Rxc6 31. hxg6 hxg6 32.
Bf3 Rc7 33. Rc2 Rd2 34. Be4 Rxc2 35. Bxc2 Rb7 36. Kf3 Rb2 37. Bb3 c2 38. Bxc2 Rxc2 0-1

[Event "*** Titled Tuesday Blitz"]
[Site "Chess.com"]
[Date "2020.05.12"]
[Round "2"]
[White "Andrei_Belozerov"]
[Black "zurzan"]
[Result "1-0"]
[WhiteElo "2588"]
[BlackElo "1984"]
[TimeControl "180+1"]
[EndTime "10:17:20 PDT"]
[Termination "Andrei_Belozerov won by checkmate"]

1. e4 d6 2. d4 Nf6 3. Nc3 Nbd7 4. g4 h6 5. h3 e5 6. Nge2 Be7 7. Bg2 c6 8. O-O Qc7 9. Be3 Nf8 10. f4 Ng6 11. Qd2 exf4 12. Nxf4 Nh4 13. Rae1 Nxg2 14. Qxg2 Be6 15.
d5 Bd7 16. Bd4 c5 17. e5 cxd4 18. exf6 dxc3 19. Rxe7+ Kd8 20. fxg7 Rg8 21. Rxf7 Qc5+ 22. Kh2 Qd4 23. bxc3 Qxc3 24. Qe4 Rxg7 25. Rf8+ Kc7 26. Rxa8 Bxg4 27. hxg4 Rxg4 28. Ne6+ Kb6 29. Qxg4 Qxc2+ 30. Kg3 Qc3+ 31. Kh4 Qe5 32. Rb1+ Ka6 33. Qa4# 1-0

[Event "*** Titled Tuesday Blitz"]
[Site "Chess.com"]
[Date "2020.05.12"]
[Round "2"]
[White "reniite"]
[Black "Chichin_chao"]
[Result "0-1"]
[WhiteElo "1910"]
[BlackElo "2360"]
[TimeControl "180+1"]
[EndTime "10:17:20 PDT"]
[Termination "Chichin_chao won on time"]

1. e4 c5 2. Nf3 e6 3. d4 cxd4 4.
Nxd4 a6 5. Nc3 Qc7 6. g3 Bb4 7.
Ne2 Nf6 8. Bg2 Be7 9. O-O O-O 10.
h3 d6 11. a4 Nc6 12. Nf4 b6 13. Nh5 Bb7 14. Bg5 Nxh5 15. Qxh5 Rfd8 16. Rad1 Rac8 17. Be3 Ne5 18. f4 Nc4 19. Bc1 Bf6 20. f5 Qc5+ 21. Kh2 Ne3 22. Bxe3 Qxe3 23. fxe6 fxe6 24. e5 Bxg2 25.
Rxf6 gxf6 26. exf6 Bf3 27. f7+ Kg7 0-1

[Event "*** Titled Tuesday Blitz"]
[Site "Chess.com"]
[Date "2020.05.12"]
[Round "2"]
[White "m_ezat"]
[Black "Gandrade2"]
[Result "1-0"]
[WhiteElo "2589"]
[BlackElo "2060"]
[TimeControl "180+1"]
[EndTime "10:17:21 PDT"]
[Termination "m_ezat won by resignation"]

1. d4 d5 2. c4 e6 3. Nc3 a6 4. cxd5 exd5 5. Bf4 c6 6. e3 Bd6 7.
Bg3 Nf6 8. Bd3 O-O 9. Nf3 Re8 10. Ne5 Nbd7 11. Nxf7 Kxf7 12. Bxd6 Nb6 13. Be5 Nc4 14. Bxc4 dxc4 15. Qf3 Kg8 16. Bxf6 gxf6 17. O-O Kf7 18. Ne4 Rg8 19. Qh5+ Kg7 20. Rac1 Be6 21. Qh4 Bd5 22. Ng3 Kh8 23. Rfe1 Qe7 24. e4 Be6 25. d5 Rg4 26. Qh6 Rg6 27. Qf4 Bf7 28. Nf5 Qf8 29. dxc6 bxc6 30. e5 fxe5 31. Qxe5+ Kg8 32.
Ne7+ 1-0

[Event "*** Titled Tuesday Blitz"]
[Site "Chess.com"]
[Date "2020.05.12"]
[Round "2"]
[White "MaxLeto"]
[Black "okriak"]
[Result "0-1"]
[WhiteElo "2336"]
[BlackElo "2791"]
[TimeControl "180+1"]
[EndTime "10:17:21 PDT"]
[Termination "okriak won by resignation"]

1. g4 d5 2. Bg2 Bxg4 3. c4 c6 4. Qb3 Nf6 5. Qxb7 Nbd7 6. d3 Qc8 7. Qxc8+ Rxc8 8. Nc3 e6 9. Nf3 Bb4 10. Bd2 O-O 11.
a3 Bd6 12. O-O-O Bxf3 13. Bxf3 Ne5 14. Bg2 dxc4 15. d4 Neg4 16. Be1 Nd5 17. Ne4 Be7 18.
h3 Ngf6 19. Kc2 c5 20. Nxf6+ Nxf6 21. d5 exd5 22. Bxd5 Nxd5 23. Rxd5 Rfd8 24. Rxd8+ Rxd8 25. Ba5 Rd4 26. Rd1 Bf6 27. Rg1 Kf8 28. Rg3 Rf4 29.
f3 Ke7 30. Bd2 Rh4 31. Be3 Kd6 32. Bf2 Rh5 33. e4 Be5 34. Rg2 Rxh3 35. f4 Bxf4 36. Be1 Be5 37. Bd2 Rh2 38. Rxh2 Bxh2 39. Kc3 Be5+ 40. Kxc4 Bxb2 41. Be3 Bxa3 0-1

[Event "*** Titled Tuesday Blitz"]
[Site "Chess.com"]
[Date "2020.05.12"]
[Round "2"]
[White "Maksimus1998"]
[Black "zala02"]
[Result "1-0"]
[WhiteElo "2465"]
[BlackElo "2248"]
[TimeControl "180+1"]
[EndTime "10:17:21 PDT"]
[Termination "Maksimus1998 won on time"]

1. c4 e5 2. g3 Nf6 3. Bg2 c6 4. Nf3 e4 5. Nd4 Qb6 6. Nc2 d5 7. d3 Be7 8. O-O O-O 9. Nc3 exd3 10.
Qxd3 dxc4 11. Qxc4 Be6 12. Qd4 Rd8 13. Qxb6 axb6 14.
Be3 Nbd7 15. Rfd1 Nc5 16. Nd4 Bd7 17. h3 Bf8 18. b4 Ne6 19. a3 b5 20. Nf5 g6 21.
Nd6 Bc8 22. Nde4 Nxe4 23. Nxe4 Bg7 24. Rxd8+ Nxd8 25. Rd1 Ne6 26. Bc1 h6 27. Nc5 Nd4 28. Kf1 Ne6 29. h4 Nxc5 30. Rd8+ Kh7 31. bxc5 b6 32. Bxc6 1-0

[Event "*** Titled Tuesday Blitz"]
[Site "Chess.com"]
[Date "2020.05.12"]
[Round "2"]
[White "AttilaTurzo"]
[Black "StephenDedalus83"]
[Result "0-1"]
[WhiteElo "2485"]
[BlackElo "2720"]
[TimeControl "180+1"]
[EndTime "10:17:24 PDT"]
[Termination "StephenDedalus83 won by checkmate"]

1. e4 c5 2. Nf3 Nc6 3. d4 cxd4 4. Nxd4 Qc7 5. Nb5 Qb8 6. c4 Nf6 7. N5c3 b6 8. Be2 e6 9. O-O Bb7 10. f4 Bc5+ 11. Kh1 h5 12. e5 Ng4 13. Bxg4 hxg4 14.
Qxg4 Ne7 15. Nd2 Nf5 16. Nde4 Qc7 17. Bd2 O-O-O 18. Rae1 Rxh2+ 19. Kxh2 Rh8+ 20. Qh3 Rxh3+ 21. gxh3 a6 22. b3 Be7 23. Re2 Kb8 24. Be1 Qd8 25. Bf2 Bh4 26. Bg1 Bc6 27. b4 f6 28. a4 fxe5 29.
fxe5 g5 30. b5 Bb7 31. Rd1 axb5 32. axb5 g4 33. hxg4 Nh6 34. Kh3 Qg8 35. Nf6 Bxf6 36. exf6 Qxg4+ 37. Kh2 Qh4# 0-1

[Event "*** Titled Tuesday Blitz"]
[Site "Chess.com"]
[Date "2020.05.12"]
[Round "2"]
[White "KingChess345"]
[Black "catalin009"]
[Result "1-0"]
[WhiteElo "2224"]
[BlackElo "2429"]
[TimeControl "180+1"]
[EndTime "10:17:24 PDT"]
[Termination "KingChess345 won by resignation"]

1. d4 g6 2. Nf3 Bg7 3. g3 d6 4. Bg2 Nd7 5. O-O e5 6. c4 Ne7 7. Nc3 O-O 8. e4 exd4 9. Nxd4 Nc6 10. Be3 Re8 11. Qd2 Nde5 12. b3 Ng4 13. Nxc6 bxc6 14. Bd4 Bxd4 15. Qxd4 Qf6 16. Rad1 Qxd4 17. Rxd4 Be6 18. h3 Nf6 19. f4 a5 20. f5 gxf5 21. exf5 Bd7 22. g4 h6 23. h4 Re3 24. Rf3 Rae8 25.
Kf2 c5 26. Rdf4 Re1 27. g5 Nh7 28. Rg3 hxg5 29. hxg5 R8e5 30. Bd5 Kg7 31. f6+ Kf8 32. g6 fxg6 33. Rxg6 Rg5 34. Rxg5 Nxg5 35. Kxe1 1-0

[Event "*** Titled Tuesday Blitz"]
[Site "Chess.com"]
[Date "2020.05.12"]
[Round "2"]
[White "Jbd735"]
[Black "MarcoCorvi"]
[Result "1-0"]
[WhiteElo "2438"]
[BlackElo "2200"]
[TimeControl "180+1"]
[EndTime "10:17:24 PDT"]
[Termination "Jbd735 won by resignation"]

1. e4 c5 2. Nf3 g6 3. d4 cxd4 4. Nxd4 Nc6 5. c4 Nf6 6. Nc3 Bg7 7. Be3 d6 8. Be2 O-O 9. O-O Bd7 10. Rc1 Nxd4 11. Bxd4 Bc6 12. f3 a5 13. Kh1 Nd7 14.
Bxg7 Kxg7 15. Qd4+ f6 16. Nd5 Bxd5 17. exd5 Qb6 18.
Qd2 Nc5 19. Rfe1 Rfc8 20. Bf1 Rc7 21. Re3 Rf8 22. Rce1 Rf7 23. g3 a4 24. Bh3 h6 25.
Qd4 a3 26. b3 Nd7 27. Qd2 Nc5 28. Be6 Nxe6 29. Rxe6 Qc5 30. h4 b5 31. h5 g5 32.
Qc2 bxc4 33. Qg6+ Kf8 34. Qxh6+ Ke8 35. Qh8+ Kd7 36. Qg8 Qf2 37. Qxf7 Qxf3+ 38. Kh2 Qf2+ 39. Kh3 g4+ 40. Kxg4 1-0

[Event "*** Titled Tuesday Blitz"]
[Site "Chess.com"]
[Date "2020.05.12"]
[Round "2"]
[White "Riazantsev"]
[Black "grunbergmihai"]
[Result "1-0"]
[WhiteElo "2655"]
[BlackElo "2400"]
[TimeControl "180+1"]
[EndTime "10:17:25 PDT"]
[Termination "Riazantsev won by resignation"]

1. d4 f5 2. g3 Nf6 3. Bg2 g6 4. Nd2 d6 5. e4 Bg7 6. c3 c6 7. f4 fxe4 8. Nxe4 O-O 9. Nxf6+ exf6 10. d5 Re8+ 11. Kf1 c5 12. Nf3 b6 13. Kg1 Ba6 14. h4 Qd7 15. h5 Be2 16. Qc2 Qg4 17. Kf2 gxh5 18. Be3 Bb5 19. Rh4 Qg6 20. f5 Qf7 21. Rah1 Nd7 22. c4 Ba6 23. Rxh5 Ne5 24. Nxe5 Rxe5 25.
Bf4 Ree8 26. Rxh7 Qe7 27. Bf3 Rf8 28. g4 Rae8 29. Kg3 b5 30. Qh2 Qd7 31. Qh5 bxc4 32. Rh8+ 1-0

[Event "*** Titled Tuesday Blitz"]
[Site "Chess.com"]
[Date "2020.05.12"]
[Round "2"]
[White "Logman74"]
[Black "lIlIlIlI_lIl"]
[Result "1/2-1/2"]
[WhiteElo "2358"]
[BlackElo "2631"]
[TimeControl "180+1"]
[EndTime "10:17:25 PDT"]
[Termination "Game drawn by repetition"]

1. e4 c5 2. Nf3 e6 3. d4 cxd4 4. Nxd4 Nf6 5. Bd3 Nc6 6. Nxc6 bxc6 7. O-O e5 8. b3 Bc5 9. Bb2 d6 10. Nd2 O-O 11. h3 a5 12. a3 Be6 13. Qe2 Re8 14.
Kh2 g6 15. f4 Ng4+ 16. Kh1 Qh4 17. f5 Nf2+ 18. Rxf2 Qxf2 19. Qxf2 Bxf2 20. fxe6 fxe6 21. Nc4 Red8 22. Rf1 Bc5 23. a4 Rf8 24. Rxf8+ Kxf8 25. g4 Ke7 26. Bc3 Bd4 27. Bxd4 exd4 28. e5 d5 29. Nd2 c5 30. Kg2 Rf8 31. Kg3 Rc8 32. Bb5 Rf8 33. Nf3 h6 34. h4 Kf7 35. Bd3 Rc8 36.
Nd2 Kg7 37. Bb5 Rc7 38. Nf3 Kf7 39. Nd2 Kg7 40. Nf3 Kf7 41. Nd2 Kg7 1/2-1/2

[Event "*** Titled Tuesday Blitz"]
[Site "Chess.com"]
[Date "2020.05.12"]
[Round "2"]
[White "VerdeNotte"]
[Black "Koksik_13"]
[Result "1-0"]
[WhiteElo "2877"]
[BlackElo "2551"]
[TimeControl "180+1"]
[EndTime "10:17:26 PDT"]
[Termination "VerdeNotte won by checkmate"]

1. e4 e6 2. d4 d5 3. Nd2 Nf6 4. e5 Nfd7 5. Bd3 c5 6. c3 Nc6 7.
Ngf3 cxd4 8. cxd4 f6 9. O-O fxe5 10. Nxe5 Ndxe5 11. dxe5 Nxe5 12. Qh5+ Nf7 13. Re1 g6 14. Bb5+ Bd7 15. Rxe6+ Be7 16. Qxd5 a6 17. Bxd7+ Qxd7 18. Ne4 O-O-O 19. Qc4+ Kb8 20. Bf4+ Ka8 21. Rb6 Rhf8 22.
h3 g5 23. Bc7 Qd4 24. Qe6 Rd7 25. Rxa6+ bxa6 26. Qxa6+ Qa7 27. Qc6+ Qb7 28. Qa4+ Qa7 29. Qxd7 Bd8 30. Qc8+ Qb8 31. Qxb8# 1-0

[Event "*** Titled Tuesday Blitz"]
[Site "Chess.com"]
[Date "2020.05.12"]
[Round "2"]
[White "attack2mateU"]
[Black "vladimir_petrov"]
[Result "1-0"]
[WhiteElo "2623"]
[BlackElo "2304"]
[TimeControl "180+1"]
[EndTime "10:17:26 PDT"]
[Termination "attack2mateU won by resignation"]

1. e4 c5 2. Nf3 d6 3. d4 cxd4 4. Nxd4 Nf6 5. Nc3 a6 6. Be3 e5 7. Nb3 Be6 8. f3 Be7 9. Qd2 O-O 10. O-O-O Nbd7 11. g4 b5 12. g5 b4 13. Ne2 Ne8 14. f4 a5 15. f5 a4 16. fxe6 axb3 17. cxb3 fxe6 18. Bh3 Nc7 19. Kb1 Qc8 20. Bg2 Qa6 21.
Nc1 Rfc8 22. Qxb4 Nb5 23. Bf1 Rab8 24. a4 Qb7 25. Bxb5 Nc5 26. Bxc5 Rxc5 27. Nd3 Rcc8 28. Bc4 Qd7 29. Nxe5 Qe8 30. Bxe6+ Kf8 31. Rhf1+ Bf6 32. Qxd6+ Qe7 33. Bxc8 1-0

[Event "*** Titled Tuesday Blitz"]
[Site "Chess.com"]
[Date "2020.05.12"]
[Round "2"]
[White "Denis_Palkovich"]
[Black "GregShahade"]
[Result "0-1"]
[WhiteElo "2293"]
[BlackElo "2564"]
[TimeControl "180+1"]
[EndTime "10:17:26 PDT"]
[Termination "GregShahade won by resignation"]

1. d4 d5 2. Bf4 c5 3. e3 Nc6 4. c3 Bf5 5. Qb3 Qd7 6. Nd2 e6 7. Ngf3 f6 8. h3 Bd6 9. Bxd6 Qxd6 10. Bb5 Ne7 11. O-O O-O 12. Nh4 a6 13. Nxf5 Nxf5 14.
dxc5 Qxc5 15. Bd3 Nxe3 16. Rfe1 Na5 17. Qa4 Nec4 18. Bxc4 Nxc4 19. Nxc4 dxc4 20. Rxe6 b5 21. Qc2 Rfe8 22. Rae1 Rxe6 23. Rxe6 a5 24. Qe4 Rf8 25. Re8 h5 26. Qe6+ Kh7 27. Qf5+ Qxf5 0-1

[Event "*** Titled Tuesday Blitz"]
[Site "Chess.com"]
[Date "2020.05.12"]
[Round "2"]
[White "martabartel"]
[Black "Yuri202062"]
[Result "1-0"]
[WhiteElo "2283"]
[BlackElo "2464"]
[TimeControl "180+1"]
[EndTime "10:17:27 PDT"]
[Termination "martabartel won by resignation"]

1. d4 d5 2. c4 e6 3. Nf3 Nf6 4. e3 Be7 5. Nc3 O-O 6. b3 c5 7. Bb2 cxd4 8. Nxd4 Nc6 9. Be2 e5 10. Nxc6 bxc6 11. cxd5 cxd5 12. O-O Bb7 13. Rc1 Qd7 14. Nb5 Bc6 15. Nc7 Qxc7 16. Bb5 Rad8 17. Rxc6 Qb8 18.
Bd3 d4 19. exd4 exd4 20. Qf3 h6 21. Rxf6 Bxf6 22. Qf5 g6 23. Qxf6 Qd6 24. Qxd6 Rxd6 25. Ba3 Rfd8 26. Bxd6 Rxd6 27. Rc1 Kg7 28. h3 a5 29. Kf1 1-0

[Event "*** Titled Tuesday Blitz"]
[Site "Chess.com"]
[Date "2020.05.12"]
[Round "2"]
[White "x-5963514717"]
[Black "floplover"]
[Result "1-0"]
[WhiteElo "2465"]
[BlackElo "2243"]
[TimeControl "180+1"]
[EndTime "10:17:27 PDT"]
[Termination "x-5963514717 won by resignation"]

1. Nf3 Nf6 2. g3 e6 3. Bg2 d5 4. O-O Be7 5. d4 O-O 6. c4 dxc4 7. Ne5 Nc6 8. Nxc6 bxc6 9. Na3 Bxa3 10. bxa3 Ba6 11.
Qd2 Rb8 12. Qa5 Rb6 13. Rd1 c3 14. Qxc3 Bxe2 15. Re1 Bh5 16. a4 Nd5 17. Qc5 Qd6 18. Ba3 Nb4 19. Qxh5 Qxd4 20. Rad1 Qc3 21. Re3 Qc2 22. Be4 g6 23. Bxc2 gxh5 24. Bb3 a5 25. Rd7 Rb7 26. Re5 Re8 27. Rxa5 Nd5 28. Rc5 Nf6 29. Rd4 Rb6 30. a5 Ra6 31. Bc4 Ra7 32.
Rxc6 Rb8 33. a6 Rb1+ 34. Kg2 Rc1 35. Bc5 Ra8 36. Rxc7 Nd5 37. Bxd5 exd5 38. a7 Rb1 39. Rxd5 Kg7 40. Bd4+ Kg6 41. Rc6+ f6 42. Rxf6+ 1-0

[Event "*** Titled Tuesday Blitz"]
[Site "Chess.com"]
[Date "2020.05.12"]
[Round "2"]
[White "Sven_Tica"]
[Black "Justinz"]
[Result "1/2-1/2"]
[WhiteElo "2653"]
[BlackElo "2332"]
[TimeControl "180+1"]
[EndTime "10:17:28 PDT"]
[Termination "Game drawn by repetition"]

1. d4 Nf6 2. c4 e6 3. g3 Bb4+ 4.
Bd2 Be7 5. Bg2 d5 6. Nf3 O-O 7. O-O c6 8. Qc2 b6 9. Bf4 Ba6 10. cxd5 cxd5 11. Rc1 Nbd7 12. Nc3 Nh5 13. Bd2 Bd6 14. Qa4 Bb7 15. Nb5 Bb8 16. Bb4 a6 17. Nd6 b5 18. Qa3 Bxd6 19. Bxd6 Re8 20. Rc7 Nb6 21.
b3 Nc8 22. Be5 Ra7 23. Qc5 f6 24. Bf4 Nxf4 25. gxf4 Nd6 26. Rc1 Ra8 27. Ne1 Rc8 28. Nd3 Rxc7 29. Qxc7 Qxc7 30. Rxc7 Rc8 31. Rd7 Rc6 32. Nc5 Bc8 33. Rd8+ Kf7 34. e3 Ke7 35. Rh8 h6 36. Bf3 Nf7 37. Rg8 g5 38. Bh5 Nd6 39. fxg5 hxg5 40. Kg2 e5 41. b4 exd4 42. exd4 Nf5 43.
Bf3 Nh4+ 44. Kg3 Nf5+ 45. Kg2 Nh4+ 46. Kg3 Nf5+ 47. Kg2 1/2-1/2

[Event "*** Titled Tuesday Blitz"]
[Site "Chess.com"]
[Date "2020.05.12"]
[Round "2"]
[White "gusmaster2262"]
[Black "DaggiGretarsson"]
[Result "0-1"]
[WhiteElo "2303"]
[BlackElo "2590"]
[TimeControl "180+1"]
[EndTime "10:17:28 PDT"]
[Termination "DaggiGretarsson won on time"]

1. d4 g6 2. c4 Bg7 3. Nf3 e6 4. g3 Ne7 5. Bg2 d5 6. O-O O-O 7. Nc3 Nbc6 8. b3 dxc4 9. e3 cxb3 10. axb3 e5 11. Ba3 exd4 12. exd4 Re8 13. Re1 Bg4 14. h3 Bxf3 15. Bxf3 Qxd4 16. Rc1 Qxd1 17. Rexd1 Nd4 18. Bxb7 Rab8 19. Bxe7 Rxb7 20. Bc5 Nxb3 21. Nd5 Nxc1 22. Ne7+ Kh8 23. Rxc1 c6 24. Nxc6 Rc8 0-1

[Event "*** Titled Tuesday Blitz"]
[Site "Chess.com"]
[Date "2020.05.12"]
[Round "2"]
[White "fm_magua"]
[Black "RaunakSadhwani2005"]
[Result "1/2-1/2"]
[WhiteElo "2546"]
[BlackElo "2829"]
[TimeControl "180+1"]
[EndTime "10:17:29 PDT"]
[Termination "Game drawn - insufficient material"]

1. e4 c6 2. d4 d5 3. e5 Bf5 4. h4 Qb6 5. g4 Bd7 6. c3 h5 7. g5 g6 8. Qb3 Bf5 9. Qxb6 axb6 10. Ne2 e6 11. Ng3 Bxb1 12. Rxb1 Rxa2 13. Bd3 Ne7 14. Be3 b5 15. Kd2 Nf5 16. Bxf5 exf5 17. Ra1 Rxa1 18. Rxa1 Na6 19. Ne2 Kd7 20. Nf4 Rg8 21. Kd3 Be7 22. b4 Bd8 23. Bc1 Bb6 24. Be3 Nc7 25. Ra2 Ne6 26.
Nxe6 Kxe6 27. f4 Rb8 28. Bf2 Kd7 29. Be3 Rd8 30. Bf2 Bc7 31. Be3 Bb8 32. Bf2 Kc7 33.
Be3 b6 34. Bf2 Kb7 35. Be3 Rc8 36. Bf2 Bc7 37. Be3 Bd8 38. Bf2 Be7 39. Be3 c5 40.
dxc5 bxc5 41. Bxc5 Bxc5 42. bxc5 Rxc5 43. Kd4 Rc4+ 44.
Kxd5 Rxc3 45. Kd6 Kb6 46. Ke7 Rc7+ 47. Kf6 b4 48. e6 fxe6 49. Kxg6 Rc4 50. Kf6 Rxf4 51.
Kxe6 Rxh4 52. Kxf5 Kb5 53. g6 Rg4 54. Rh2 b3 55.
Rxh5 Rg1 56. Rh2 Kb4 57. Kf6 Ka3 58. g7 b2 59. Rxb2 Kxb2 60. Kf7 Rxg7+ 61. Kxg7 1/2-1/2

[Event "*** Titled Tuesday Blitz"]
[Site "Chess.com"]
[Date "2020.05.12"]
[Round "2"]
[White "SCIM"]
[Black "GMHess"]
[Result "1-0"]
[WhiteElo "2548"]
[BlackElo "2812"]
[TimeControl "180+1"]
[EndTime "10:17:29 PDT"]
[Termination "SCIM won by resignation"]

1. d4 g6 2. c4 Bg7 3. Nc3 c5 4. d5 Bxc3+ 5. bxc3 f5 6. e4 fxe4 7. f3 e5 8. dxe6 Nc6 9. Qc2 Qa5 10. Bg5 Nd4 11. Qxe4 Qxc3+ 12. Kf2 Nxe6 13. Rd1 Nf6 14. Bxf6 Qxf6 15. Ne2 O-O 16. Ng3 Nd4 17. Bd3 d6 18.
Rhe1 Be6 19. Kg1 Qf7 20. Qh4 Rae8 21. Ne4 Nf5 22. Qf2 Qf6 23. Nxf6+ Rxf6 24. Bxf5 gxf5 25. Rxd6 1-0

[Event "*** Titled Tuesday Blitz"]
[Site "Chess.com"]
[Date "2020.05.12"]
[Round "2"]
[White "Mouse-Sleep"]
[Black "Anuar_Is"]
[Result "0-1"]
[WhiteElo "2514"]
[BlackElo "2774"]
[TimeControl "180+1"]
[EndTime "10:17:29 PDT"]
[Termination "Anuar_Is won by resignation"]

1. Nf3 g6 2. c4 Bg7 3. e4 d6 4. d4 Nf6 5. Nc3 O-O 6. Be2 e5 7. Be3 Ng4 8. Bg5 f6 9. Bh4 g5 10. Bg3 Nh6 11. dxe5 dxe5 12. c5 Qe7 13. Nd5 Qf7 14.
b4 c6 15. Ne3 Be6 16. a4 Kh8 17. b5 Nd7 18. Qc1 cxb5 19. axb5 Rfc8 20. c6 bxc6 21.
bxc6 Nb6 22. O-O Ng8 23. Ba6 Rc7 24. Bb7 Rb8 25. Rxa7 Ne7 26. Qc5 Nxc6 27. Qxb6 Nxa7 28. Qxa7 Rcxb7 29. Qa1 h6 30. Rd1 Qc7 31. h4 Ra7 32. Qc1 Qxc1 33. Rxc1 Rba8 34. hxg5 Ra1 35. Rxa1 Rxa1+ 36. Kh2 hxg5 37. Nd2 Ra2 38. Ndc4 Bf8 39. Nb6 Bc5 40.
Nbd5 Kg7 41. Kg1 Ra4 42. Nc3 Rd4 43. Kf1 Bb4 44. Ncd5 Rxe4 45. Nxb4 Rxb4 46. f3 Kg6 47. Be1 Rb1 48. g4 f5 49. gxf5+ Bxf5 50. Nc4 Bd3+ 0-1

[Event "*** Titled Tuesday Blitz"]
[Site "Chess.com"]
[Date "2020.05.12"]
[Round "2"]
[White "ShieldingOff"]
[Black "oneshot007"]
[Result "0-1"]
[WhiteElo "2016"]
[BlackElo "2380"]
[TimeControl "180+1"]
[EndTime "10:17:29 PDT"]
[Termination "oneshot007 won on time"]

1. d4 g6 2. c4 Nf6 3. Nc3 Bg7 4. e4 O-O 5. Be2 d6 6. Be3 Na6 7. g4 c5 8. d5 e6 9. h4 exd5 10. cxd5 Re8 11. Bf3 b5 12. g5 Nd7 13. Nxb5 Qb6 14. a4 Nb4 15. Bf4 Ne5 16. Bxe5 Bxe5 17. h5 Ba6 18. hxg6 hxg6 19. Be2 Bxb2 20. Rb1 Bg7 21. f3 Bb7 22. Bc4 a6 23. Na3 Qa5 24. Qd2 Qxa4 25. Rb3 Qd7 26. Qh2 Bxd5 27. Bxd5 Nxd5 28. Ne2 Nb4 0-1

[Event "*** Titled Tuesday Blitz"]
[Site "Chess.com"]
[Date "2020.05.12"]
[Round "2"]
[White "KuzubovYuriy"]
[Black "jerry_77"]
[Result "1-0"]
[WhiteElo "2673"]
[BlackElo "2456"]
[TimeControl "180+1"]
[EndTime "10:17:30 PDT"]
[Termination "KuzubovYuriy won by resignation"]

1. d4 Nf6 2. Nf3 e6 3. c4 d5 4.
Nc3 Bb4 5. Bg5 h6 6. Bxf6 Qxf6 7.
Qa4+ Nc6 8. e3 Bd7 9. Qc2 dxc4 10. Bxc4 O-O 11. O-O Bd6 12. Rad1 Rfd8 13. e4 e5 14. Nd5 Qg6 15. dxe5 Bc5 16. Nf4 Qg4 17. Bxf7+ Kxf7 18. Rxd7+ Rxd7 19. e6+ Kg8 20. exd7 Bxf2+ 21. Rxf2 Qxf4 22.
Nd4 Qd6 23. Nxc6 bxc6 24. Rd2 Qf6 25. e5 Qe7 26. Qc4+ Kh8 27. e6 Rf8 28. h3 Qg5 29. Qd4 Rd8 30. Re2 Qe7 31. Qf4 c5 32. Qf7 Qd6 33. e7 Qd4+ 34. Qf2 1-0

[Event "*** Titled Tuesday Blitz"]
[Site "Chess.com"]
[Date "2020.05.12"]
[Round "2"]
[White "WeAintSurePal"]
[Black "Antipov_Mikhail_Al"]
[Result "0-1"]
[WhiteElo "2340"]
[BlackElo "2867"]
[TimeControl "180+1"]
[EndTime "10:17:31 PDT"]
[Termination "Antipov_Mikhail_Al won by checkmate"]

1. d4 Nf6 2. Nf3 g6 3. Bg5 Bg7 4. Nbd2 h6 5. Bh4 d6 6. c3 O-O 7. e4 Nh5 8. Bc4 Qe8 9. O-O e5 10. Re1 Kh7 11. Bf1 Nd7 12. a4 a5 13. Nc4 b6 14. dxe5 Nxe5 15. Nfxe5 dxe5 16. Ne3 Bb7 17. Nd5 Rc8 18. Be2 Nf4 19. Bg4 f5 20. exf5 Bxd5 21. fxg6+ Qxg6 22. Bg3 Rce8 23. Bxf4 Rxf4 24. Qxd5 Rxg4 25.
Re3 e4 26. g3 Rg5 27. Qb3 Rd8 28. Rae1 Re5 29. Qc2 Rde8 30. b4 Bf8 31. f3 axb4 32.
Rxe4 Bc5+ 33. Kg2 bxc3 34. Qxc3 Rxe4 35. fxe4 Rxe4 36. Rf1 Re2+ 37. Kh1 Qe4+ 38. Rf3 Qb1+ 39. Rf1 Qxf1# 0-1